 Dungeon Crawl Stone Soup version bcrawl-1.33.1b (webtiles) character file.

Game seed: 3088996619240148730

216598 Metae the Firebug (level 9, -4/74 HPs)
             Began as a Green Draconian Fire Elementalist on Aug 30, 2021.
             Shot with an arrow by a centaur (11 damage)
             ... on level 6 of the Dungeon.
             The game lasted 00:56:28 (7364 turns).

Metae the Firebug (DrFE)                            Turns: 7364, Time: 00:56:28

Health: -4/74      AC:  8    Str: 10    XL:     9   Next: 4%
Magic:  14/14      EV: 13    Int: 18    God:
Gold:   195        SH:  0    Dex: 13    Spells: 4/15 levels left

rFire    . . .     SeeInvis .   b - +0 hunting sling
rCold    . . .     Gourm    .   (no shield)
rNeg     . . .     Faith    .   (armour unavailable)
rPois    +         Spirit   .   (helmet restricted)
rElec    .         Reflect  .   c - +0 cloak
rCorr    .         Harm     .   (no gloves)
MR       .....                  (no boots)
Stlth    +++.......             (no amulet)
HPRegen  0.22/turn              (no ring)
MPRegen  0.14/turn              (no ring)

@: swift, flying, slowed, lightly drained, slow
A: breathe noxious fumes, unfitting armour, poison resistance, cold-blooded, AC
+7
a: Breathe Noxious Fumes


You were on level 6 of the Dungeon.
You were not hungry.

You visited 1 branch of the dungeon, and saw 6 of its levels.

You collected 195 gold pieces.

Inventory:

Hand Weapons
 a - a +3 mace of protection
 b - a +0 hunting sling (weapon)
 g - a +1 vampiric dagger
 q - a +2 short sword of speed
 w - a +3 quarterstaff of chaos
 A - a +0 mace of crushing
Missiles
 f - 463 sling bullets (quivered)
Armour
 c - a +0 cloak (worn)
Wands
 s - a wand of flame (19)
 x - a wand of polymorph (10)
 B - a wand of disintegration (15)
Scrolls
 d - a scroll of enchant armour {unknown}
 i - a scroll of identify
 j - a scroll of magic mapping {unknown}
 n - 2 scrolls of teleportation
 o - a scroll of enchant weapon {unknown}
 t - a scroll of amnesia {unknown}
 u - a scroll of noise {unknown}
 y - 3 scrolls of remove curse {unknown}
 C - a scroll of blinking
Potions
 h - 2 potions of brilliance
 k - a potion of haste {unknown}
 l - a potion of magic {unknown}
 m - a potion of lignification {unknown}
 p - a potion of invisibility {unknown}
 r - a potion of cancellation {unknown}
 v - 2 potions of flight
 z - 2 potions of curing
Comestibles
 e - 7 rations {!d}


   Skills:
 + Level 5.3(5.1) Fighting
   Level 1.8(1.9) Axes
 - Level 1.3(1.7) Maces & Flails
 - Level 2.2 Slings
 - Level 1.1(1.7) Throwing
 - Level 3.5(3.4) Dodging
 + Level 5.0(4.8) Stealth
 - Level 0.2(0.1) Unarmed Combat
 - Level 3.5(3.3) Spellcasting
 - Level 1.4(1.3) Conjurations
 * Level 7.6(7.4) Fire Magic


You had 4 spell levels left.
You knew the following spells:

 Your Spells              Type           Power        Failure   Level  Hunger
a - Flame Tongue          Conj/Fire      ###..        2%          1    None
b - Flaming Arrows        Chrm/Fire      ###.....     5%          2    None
c - Conjure Flame         Conj/Fire      ###.....     8%          3    ####...
d - Animate Skeleton      Necr           N/A          16%         1    None
e - Sticky Flame          Conj/Fire      ###.....     26%         4    #####..

Your spell library contained the following spells:

 Spells                   Type           Power        Failure   Level  Hunger
 Inner Flame              Hex/Fire       N/A          11%         3    ####...
 Pain                     Necr           #.....       16%         1    None
 Vampiric Draining        Necr           #.........   43%         3    ####...
 Agony                    Necr           #.......     83%         4    #####..
 Animate Dead             Necr           N/A          83%         4    #####..
 Fireball                 Conj/Fire      ###.......   58%         5    ######.
 Dispel Undead            Necr           #.......     99%         5    ######.


Dungeon Overview and Level Annotations

Branches:
Dungeon (6/12)
 Temple: D:4-7

Altars:


Innate Abilities, Weirdness & Mutations

You can breathe blasts of noxious fumes.
Your lurid green scales are hard. (AC +7)
You cannot fit into any form of body armour.
Your system is resistant to poisons. (rPois)
You are cold-blooded and may be slowed by cold attacks.


Message History

Firing (i - inventory)
f - 464 sling bullets (quivered)
Press: ? - help, Shift-Dir - straight line, f/p - centaur
Aim: a centaur, wielding a +2 shortbow of freezing and quivering 78 arrows You shoot a sling bullet.
The sling bullet hits the centaur.
The centaur is lightly wounded.
You feel yourself speed up.
The centaur shoots an arrow.
The arrow hits you!
* * * LOW HITPOINT WARNING * * *
You feel yourself slow down. The arrow freezes you.
* * * LOW HITPOINT WARNING * * *
The centaur shoots an arrow.
The arrow closely misses you.
The centaur shoots an arrow.
The arrow hits you!
* * * LOW HITPOINT WARNING * * *
You feel as though you will be slow longer.
The arrow freezes you.
* * * LOW HITPOINT WARNING * * *
It was a potion of flight.
You feel very buoyant.
You fly up into the air.
The centaur shoots an arrow.
The arrow hits you!
You die...

# ############### ...
#.............############
....###.............##.....#....
...........................'....
....[....c.....@...##......#....
...####.....###....##......#....
#.....# #............#....
#.##### #................. #.#
#................. #..
#....##........... #..
.................. #..
.................. ##........


You could see a centaur.

Vanquished Creatures
  A two-headed ogre (D:4)
  Prince Ribbit (D:5)
  Menkaure (D:5)
  An ogre (D:4)
  2 centaurs
  Blork the orc (D:4)
  A scorpion (D:5)
  4 crimson imps
  A bullfrog skeleton (D:3)
  An orc priest (D:3)
  Crazy Yiuf (D:5)
  5 worker ants
  Natasha (thrice) (D:4)
  Terence (D:3)
  2 orc wizards
  10 adders
  3 oozes
  3 worms
  2 dart slugs
  8 leopard geckos
  14 orcs
  A giant cockroach (D:1)
  5 goblins
  8 hobgoblins
  11 jackals
  2 quokkas (D:3)
  4 ball pythons
  4 bats
  4 frilled lizards
  3 jackal skeletons (D:4)
  4 kobolds
  3 rats
115 creatures vanquished.

Vanquished Creatures (others)
  An orc wizard (D:4)
  An adder (D:5)
2 creatures vanquished.

Grand Total: 117 creatures vanquished

Notes
Turn   | Place    | Note
-------+----------+-------------------------------------------
     0 | D:1      | Metae the Draconian Fire Elementalist began the quest for
                  | the Orb.
     0 | D:1      | Reached XP level 1. HP: 14/14 MP: 3/3
   492 | D:1      | Reached XP level 2. HP: 20/20 MP: 3/5
   872 | D:1      | Reached XP level 3. HP: 26/26 MP: 4/6
  1565 | D:2      | Reached skill level 1 in Fighting
  1691 | D:2      | Reached XP level 4. HP: 18/35 MP: 8/8
  1846 | D:2      | Reached skill level 1 in Axes
  2346 | D:2      | Learned a level 2 spell: Flaming Arrows
  2350 | D:2      | Learned a level 3 spell: Conjure Flame
  2590 | D:3      | Reached skill level 1 in Slings
  2590 | D:3      | Reached XP level 5. HP: 11/40 MP: 5/9
  3163 | D:3      | Reached XP level 6. HP: 19/48 MP: 10/10
  3494 | D:3      | Noticed Terence
  3509 | D:3      | Killed Terence
  3573 | D:3      | Reached skill level 1 in Maces & Flails
  3691 | D:4      | Noticed Natasha
  3695 | D:4      | Killed Natasha
  4036 | D:4      | Reached skill level 1 in Throwing
  4244 | D:4      | Noticed Natasha
  4248 | D:4      | Noticed Blork the orc
  4264 | D:4      | Killed Natasha
  4265 | D:4      | Your scales start taking on a lurid green colour.
  4265 | D:4      | Reached XP level 7. HP: 54/55 MP: 12/12
  4265 | D:4      | Gained mutation: Your system is resistant to poisons.
                  | (rPois) [Green Draconian growth]
  4298 | D:4      | Noticed Natasha
  4307 | D:4      | Killed Natasha
  4308 | D:4      | Reached skill level 4 in Fire Magic
  5497 | D:4      | Killed Blork the orc
  5498 | D:4      | Reached skill level 5 in Fire Magic
  5604 | D:5      | Entered Level 5 of the Dungeon
  5629 | D:5      | Learned a level 1 spell: Animate Skeleton
  5634 | D:5      | Learned a level 4 spell: Sticky Flame
  5695 | D:5      | Noticed Menkaure
  5711 | D:5      | Killed Menkaure
  5757 | D:5      | Noticed Prince Ribbit
  5776 | D:5      | Killed Prince Ribbit
  5777 | D:5      | Reached XP level 8. HP: 66/66 MP: 8/13
  5909 | D:5      | Reached skill level 6 in Fire Magic
  6232 | D:5      | Noticed a two-headed ogre
  6379 | D:4      | HP: 2/66 [two-headed ogre/cursed +0 giant spiked club (23)]
  6726 | D:4      | Killed a two-headed ogre
  6727 | D:4      | Reached skill level 5 in Fighting
  6727 | D:4      | Reached skill level 7 in Fire Magic
  6727 | D:4      | Reached XP level 9. HP: 74/74 MP: 2/14
  6898 | D:5      | Found a runed door.
  7086 | D:5      | Noticed Crazy Yiuf
  7092 | D:5      | Killed Crazy Yiuf
  7093 | D:5      | Reached skill level 5 in Stealth
  7364 | D:6      | Shot with an arrow by a centaur

Skill      XL: |  1  2  3  4  5  6  7  8  9 |
---------------+----------------------------+-----
Dodging        | 2 3 |  3.5
Fighting       | 1 2 3 5 |  5.3
Axes           | 1 |  1.8
Slings         | 1 2 |  2.2
Spellcasting   | 3 |  3.5
Maces & Flails | 1 |  1.3
Throwing       | 1 |  1.1
Fire Magic     | 5 7 |  7.6
Stealth        | 3 4 5 |  5.0
Unarmed Combat | |  0.2
Conjurations   | |  1.4

Action                   |  1- 3 |  4- 6 |  7- 9 || total
-------------------------+-------+-------+-------++-------
Melee: Unarmed           |    16 |       |       ||    16
       Hand axe          |    78 |    40 |       ||   118
       Tailslap          |    10 |    18 |     9 ||    37
       Punch             |       |     1 |       ||     1
       Mace              |       |   144 |    99 ||   243
 Fire: Hunting sling     |       |    68 |    82 ||   150
Throw: Stone             |    41 |       |       ||    41
 Cast: Flame Tongue      |    34 |    22 |    13 ||    69
       Flaming Arrows    |       |     1 |     4 ||     5
       Conjure Flame     |       |       |     4 ||     4
  Use: Scroll            |       |     3 |     3 ||     6
       Potion            |       |     1 |     5 ||     6
 Stab: Sleeping          |       |     1 |       ||     1
  Eat: Chunk             |     7 |     7 |    13 ||    27
       Ration            |       |     3 |     2 ||     5
Armor: Skin              |    45 |    83 |    38 ||   166
Dodge: Dodged            |    94 |   198 |    94 ||   386
